 Dungeon Crawl Stone Soup version 0.30-a0-377-g5cb311bc9f (webtiles) character file.

Game seed: 43696994560740820

15 lunkers the Magician (level 2, 0/20 HPs)
             Began as a Meteoran Wanderer on Nov 30, 2022.
             Succumbed to an adder's poison
             ... on level 1 of the Dungeon.
             The game lasted 00:01:20 (260 turns).

lunkers the Magician (Meteoran Wanderer)             Turns: 260, Time: 00:01:20

Health: 0/20       AC:  6    Str: 14    XL:     2   Next: 88%
Magic:  9/9        EV:  9    Int: 12    God:
Gold:   49         SH:  0    Dex: 13    Spells: 11/11 levels left

rFire   . . .      SeeInvis .    a - +0 falchion
rCold   . . .      Faith    .    (no shield)
rNeg    . . .      Spirit   .    b - +0 scale mail
rPois   .          Reflect  .    (no helmet)
rElec   .          Harm     .    (no cloak)
rCorr   .          Rampage  .    (no gloves)
Will    .....                    (no boots)
Stlth   ..........               (no amulet)
HPRegen 0.23/turn                (no ring)
MPRegen 0.11/turn                (no ring)

@: lethally poisoned (0 -> -2), glowing
A: sense surroundings 1, otherworldly, glowing, explore regen
a: no special abilities


You were on level 1 of the Dungeon.
You visited 1 branch of the dungeon, and saw 2 of its levels.

You collected 49 gold pieces.

Inventory:

Hand Weapons
 a - a +0 falchion (weapon)
Armour
 b - a +0 scale mail (worn)
Scrolls
 c - a scroll of teleportation
 d - a scroll of identify {unknown}
Potions
 e - a potion of might {unknown}
 f - a potion of magic {unknown}
 g - a potion of attraction {unknown}


   Skills:
 + Level 3.0 Long Blades
 - Level 1.2 Armour
 - Level 5.3 Spellcasting
 - Level 3.6 Transmutations
 - Level 1.2 Evocations


You had 11 spell levels left.
You didn't know any spells.
Your spell library contained the following spells:

 Spells                   Type           Power      Damage    Failure   Level
 Beastly Appendage        Tmut           22%        N/A       19%         1
 Sting                    Tmut/Pois      28%        1d4       38%         1
 Ignite Poison            Fire/Tmut/Pois 6%         N/A       83%         3


Dungeon Overview and Level Annotations

Branches:
Dungeon (2/15) Zot: 930

Altars:


Innate Abilities, Weirdness & Mutations

You passively map a small area around you.
You are easily found by Zot.
You glow in the dark.
You regain HP and MP as you explore.


Message History

The adder bites you but does no damage. The rat closely misses you.
The adder bites you but does no damage.
You barely miss the adder.
The adder is heavily wounded.
The adder bites you but does no damage. The rat bites you but does no damage.
You barely miss the adder.
The adder is heavily wounded.
The adder bites you.
* * * LOW HITPOINT WARNING * * *
The rat bites you.
* * * LOW HITPOINT WARNING * * *
The adder barely misses you.
You closely miss the adder.
The adder is heavily wounded.
The rat misses you. The adder bites you.
* * * LOW HITPOINT WARNING * * *
You miss the adder.
The adder is heavily wounded.
The adder closely misses you. The rat bites you but does no damage.
The adder bites you but does no damage.
You barely miss the adder.
The adder is heavily wounded.
The rat barely misses you. The adder bites you but does no damage.
The rat completely misses you.
You hit the adder.
The adder is severely wounded.
The adder bites you but does no damage. The adder bites you.
* * * LOW HITPOINT WARNING * * *
You are poisoned.
The adder poisons you! The rat bites you.
* * * LOW HITPOINT WARNING * * *
You closely miss the adder.
The adder is severely wounded.
* * * LOW HITPOINT WARNING * * *
You feel sick. The adder bites you.
* * * LOW HITPOINT WARNING * * *
The rat barely misses you.
You miss the adder.
The adder is severely wounded.
You die...

#............. ,
#............. ,
#............. *
#.........##..,, *
##........##...
#......(.....#### *
#............ ...
#.....S##........ *
#...r@..............
###+#..##.##........
*###.#..##...........
#...........##.......
#...........##......
#...........##......
, ,...............#
#... ####...........+
, #... ,
###.........# .#...


You could see an adder and a rat.

Vanquished Creatures
  A ball python (D:1)
  A giant cockroach (D:1)
  A goblin (D:1)
  3 hobgoblins (D:1)
  2 quokkas (D:1)
  2 bats (D:1)
  A frilled lizard (D:1)
  A kobold (D:1)
  2 rats (D:1)
14 creatures vanquished.

Notes
Turn   | Place    | Note
-------+----------+-------------------------------------------
     0 | D:1      | lunkers the Meteoran Wanderer began the quest for the Orb.
     0 | D:1      | lunkers set off with the following items: a +0 falchion, a
                  | +0 scale mail, a scroll of teleportation; and the following
                  | spells available to memorise: Beastly Appendage, Sting,
                  | Ignite Poison.
     0 | D:1      | Reached XP level 1. HP: 14/14 MP: 7/7
   125 | D:1      | Reached XP level 2. HP: 14/20 MP: 9/9
   259 | D:1      | HP: 1/20 [adder (1)]
   260 | D:1      | Succumbed to an adder's poison

Illustrated notes

Levels and vault maps discovered:
D:1:      eino_arrival_water_star, layout_basic
D:2:      layout_basic, basic_altar, serial_glass, glass_columns_c,
          glass_columns_c, glass_columns_b, glass_columns_a,
          minmay_strange_pillars, serial_shops, nicolae_square_shop

Skill      XL: |  1  2 |
---------------+-------+-----
Long Blades    | 2 3 |  3.0
Armour         | |  1.2
Spellcasting   | |  5.3
Transmutations | |  3.6
Evocations     | |  1.2

Action                   || total
-------------------------++-------
Melee: Falchion          ||    48
       Punch             ||     1
Armor: Scale mail        ||    35
Dodge: Dodged            ||    34

Table legend: (Time is in decaauts)
 A = Elapsed time spent in this place.
 B = Non-inter-level travel time spent in this place.
 C = Inter-level travel time spent in this place.
 D = Time resting spent in this place.
 E = Time spent auto-exploring this place.
 F = Levels seen in this place.
 G = Mean time per level.
                   A        B        C        D        E       F      G
               +--------+--------+--------+--------+--------+-----+--------+
         Total |    269 |    269 |      0 |      0 |    125 |   2 |  134.5 |
       Dungeon |    269 |    269 |      0 |      0 |    125 |   2 |  134.5 |
               +--------+--------+--------+--------+--------+-----+--------+

Top non-repeatable levels by time:
     D:1: 264 daAuts
     D:2: 4 daAuts
